 Dungeon Crawl Stone Soup version 0.31-a0-229-g1fc7ce93e2 (webtiles) character file.

Game seed: 16228544606014335192

3425 DavidChitty2 the Cleaver (level 10, -4/88 HPs)
             Began as a Hill Orc Fighter on July 6, 2023.
             Was a Follower of Beogh.
             Slain by a sixfirhy (12 damage)
             ... on level 9 of the Dungeon.
             The game lasted 00:08:06 (6647 turns).

DavidChitty2 the Cleaver (Hill Orc Fighter)         Turns: 6647, Time: 00:08:07

Health: -4/88      AC: 23    Str: 30    XL:     10   Next: 5%
Magic:  13/13      EV:  7    Int:  8    God:    Beogh [*.....]
Gold:   430        SH:  6    Dex: 13    Spells: 9/9 levels left

rFire   . . .        a - +1 war axe
rCold   . . .        c - +0 buckler
rNeg    . . .        s - +8 plate armour "Tarhoec" {Dex+3}
rPois   .            (no helmet)
rElec   .            (no cloak)
rCorr   .            (no gloves)
SInv    .            m - +1 pair of boots
Will    +....        (no amulet) Stlth
                     g - ring of willpower
HPRegen 0.34/turn    j - +6 ring of strength
MPRegen 0.13/turn

%: no passive effects
@: no status effects
A: no striking features
a: Renounce Religion


You were on level 9 of the Dungeon.
You worshipped Beogh.
Beogh was aware of your devotion.
You visited 2 branches of the dungeon, and saw 10 of its levels.

You collected 430 gold pieces.

Inventory:

Hand Weapons
 a - a +1 war axe (weapon)
Armour
 c - a +0 buckler (worn)
 m - a +1 pair of boots (worn)
   (You found it on level 2 of the Dungeon)
 s - the +8 plate armour "Tarhoec" (worn) {Dex+3}
   (You found it on level 3 of the Dungeon)

   Dex:       It affects your dexterity (+3).
Jewellery
 g - a ring of willpower (left hand)
   (You found it on level 5 of the Dungeon)
 j - a +6 ring of strength (right hand)
   (You found it on level 5 of the Dungeon)
 u - a +6 ring of dexterity
   (You found it on level 8 of the Dungeon)
Wands
 o - a wand of light (3)
   (You found it on level 8 of the Dungeon)
 t - a wand of flame (26)
   (You found it on level 6 of the Dungeon)
Scrolls
 f - a scroll of immolation {!r}
 i - 2 scrolls of teleportation {@r4}
 l - 3 scrolls of enchant weapon
 r - a scroll of fog
 w - a scroll of summoning
 x - a scroll of identify {@r1}
Potions
 b - 2 potions of cancellation
 d - a potion of might
 e - a potion of degeneration {!q}
 h - 2 potions of curing {@q1}
 k - a potion of magic
 n - a potion of attraction {!q}
 p - a potion of haste {@q3}
 q - 2 potions of lignification {!q}
 v - a potion of enlightenment


   Skills:
 + Level 8.0 Fighting
 * Level 11.4 Axes
 + Level 7.3 Armour
 + Level 7.2 Shields
 + Level 5.0 Invocations


You had 9 spell levels left.
You didn't know any spells.
Your spell library contained the following spells:

 Spells                   Type           Power      Damage    Failure   Level
 Apportation              Tloc           0%         N/A       99%         1
 Kiss of Death            Conj/Necr      0%         2d5       99%         1
 Necrotise                Necr           0%         1d4       99%         1
 Summon Small Mammal      Summ           0%         N/A       99%         1
 Blink                    Tloc           0%         N/A       99%         2
 Confusing Touch          Hex            0%         N/A       100%        3
 Dispel Undead            Necr           0%         3d6       100%        4
 Manifold Assault         Tloc           0%         N/A       100%        4
 Storm Form               Tmut/Air       0%         N/A       100%        7


Dungeon Overview and Level Annotations

Branches:
Dungeon (9/15)             Temple (1/1) D:6
   Lair: D:8-11         Orc: D:9-12

Altars:
Ashenzari
Cheibriados
Dithmenos
Elyvilon
Fedhas
Gozag
Makhleb
Nemelex Xobeh
Okawaru
Qazlal
Ru
Sif Muna
Trog
Uskayaw
Vehumet
Wu Jian
Xom
Yredelemnul
The Shining One

Shops:
D:8 :


Message History

The orc barely misses you. The killer bee completely misses you.
You closely miss the killer bee. You miss the sixfirhy.
You closely miss the ynoxinul. The killer bee barely misses you.
You block the orc's attack. The ynoxinul hits you.
* * * LOW HITPOINT WARNING * * *
The sixfirhy attacks as you move away! You block the sixfirhy's attack.
The killer bee attacks as you move away!
You block the killer bee's attack.
The killer bee stings you but does no damage.
The sixfirhy hits you but does no damage.
The killer bee stings you.
* * * LOW HITPOINT WARNING * * *
You are poisoned.
The killer bee poisons you!
The ynoxinul gestures.
The sixfirhy barely misses you.
The killer bee attacks as you move away!
You block the killer bee's attack.
You feel sick. The sixfirhy completely misses you. The sixfirhy hits you.
* * * LOW HITPOINT WARNING * * *
The sixfirhy shocks you!
* * * LOW HITPOINT WARNING * * *
You block the sixfirhy's attack.
The ynoxinul gestures.
You feel better.
You closely miss the sixfirhy. You miss the sixfirhy. The sixfirhy hits you!
* * * LOW HITPOINT WARNING * * *
The sixfirhy shocks you!
* * * LOW HITPOINT WARNING * * *
The sixfirhy hits you.
* * * LOW HITPOINT WARNING * * *
The sixfirhy shocks you!
* * * LOW HITPOINT WARNING * * *
You barely miss the sixfirhy.
The sixfirhy hits you but does no damage. x4
The ynoxinul gestures.
You miss the sixfirhy. You block the sixfirhy's attack.
The sixfirhy hits you but does no damage.
You closely miss the sixfirhy. You barely miss the sixfirhy.
You closely miss the sixfirhy. The sixfirhy closely misses you.
The sixfirhy hits you but does no damage.
The sixfirhy barely misses you.
You feel better. The sixfirhy completely misses you.
The sixfirhy hits you but does no damage.
The sixfirhy hits you.
* * * LOW HITPOINT WARNING * * *
The sixfirhy shocks you!
You die...

#####.#######. #######
#..........##. .......
#.....<.....#. .......
#...........#. .......
#............. .$.....
#..........##. .....55###
#..........##.
♣...53y5#####..........##.
P.P...†#y3@.##..........###
♣......####.............#
..$.... ####.....))...#
##+#### #######.#### #.# #
#.# # #+######## #######'##
# .........# #........# #
.........# #........# #


You could see a sixfirhy, a ynoxinul, 2 killer bees, a quasit and 3 ufetubi.

Vanquished Creatures
  A soul eater (D:9)
  A troll (D:9)
  A steam dragon (D:9)
  3 water moccasins
  2 orc warriors
  A sky beast (D:6)
  A black bear (D:7)
  2 centaurs
  3 ogres
  4 bullfrogs
  3 scorpions
  3 killer bees (D:9)
  A howler monkey (D:7)
  4 jellies
  A hound (D:5)
  3 orc priests
  4 iguanas
  2 sleepcaps
  7 orc wizards
  4 gnolls (D:4)
  10 adders
  2 shadow imps
  3 white imps
  An ufetubus (D:6)
  A worm (D:2)
  4 dart slugs
  17 orcs
  4 bats
  9 endoplasms
  5 giant cockroaches
  7 goblins
  4 hobgoblins
  9 jackals
  8 kobolds
  7 quokkas
  11 ball pythons
  3 frilled lizards
  12 rats
168 creatures vanquished.

Vanquished Creatures (others)
  2 orcs (D:7)
2 creatures vanquished.

Grand Total: 170 creatures vanquished

Notes
Turn   | Place    | Note
-------+----------+-------------------------------------------
     0 | D:1      | DavidChitty2 the Hill Orc Fighter began the quest for the
                  | Orb.
     0 | D:1      | Reached XP level 1. HP: 19/19 MP: 1/1
    62 | D:1      | Reached skill level 3 in Axes
   102 | D:1      | Reached XP level 2. HP: 27/27 MP: 2/2
   194 | D:1      | Reached XP level 3. HP: 29/33 MP: 3/3
   630 | D:2      | Identified the staff "Grim Tooth" {Fragile rPois rF++ Dex+7
                  | Poison}
   643 | D:2      | Reached skill level 4 in Axes
   736 | D:2      | Found a faded altar of an unknown god.
   877 | D:2      | Reached XP level 4. HP: 40/40 MP: 4/4
  1176 | D:3      | Identified the +8 plate armour "Tarhoec" {Dex+3}
  1224 | D:3      | You fall into a shaft and drop 1 floor!
  1263 | D:4      | Noticed an ogre
  1269 | D:4      | Killed an ogre
  1270 | D:4      | Reached skill level 5 in Axes
  1270 | D:4      | Reached XP level 5. HP: 36/47 MP: 5/5
  1899 | D:4      | Reached XP level 6. HP: 50/53 MP: 6/6
  1991 | D:4      | Reached skill level 6 in Axes
  1994 | D:4      | Reached skill level 5 in Fighting
  2398 | D:4      | Reached XP level 7. HP: 51/61 MP: 7/7
  2510 | D:4      | Found a blossoming altar of Fedhas.
  2560 | D:5      | Entered Level 5 of the Dungeon
  2769 | D:5      | Found a shadowy altar of Dithmenos.
  2777 | D:5      | Reached skill level 5 in Shields
  2826 | D:5      | Reached skill level 7 in Axes
  2826 | D:5      | Reached skill level 5 in Armour
  3225 | D:6      | Found a staircase to the Ecumenical Temple.
  3241 | Temple   | Entered the Ecumenical Temple
  3518 | D:6      | Reached XP level 8. HP: 69/70 MP: 8/8
  3618 | D:6      | Reached skill level 8 in Axes
  4160 | D:6      | Found a stormy altar of Qazlal.
  4235 | D:7      | Became a worshipper of Beogh the Brigand
  4245 | D:7      | Reached skill level 1 in Invocations
  4432 | D:7      | Reached skill level 9 in Axes
  4867 | D:8      | Found a burning altar of Makhleb.
  4951 | D:8      | Reached XP level 9. HP: 51/78 MP: 10/10
  5146 | D:8      | Found a sacrificial altar of Ru.
  5240 | D:8      | Found Seymm's Book Shoppe.
  5483 | D:8      | Reached * piety under Beogh
  5867 | D:9      | Noticed a soul eater
  5904 | D:9      | Killed a soul eater
  5905 | D:9      | Reached skill level 10 in Axes
  6246 | D:9      | Noticed a troll
  6257 | D:9      | Killed a troll
  6270 | D:9      | Reached skill level 11 in Axes
  6577 | D:9      | Reached XP level 10. HP: 88/88 MP: 13/13
  6586 | D:9      | Found a snail-covered altar of Cheibriados.
  6624 | D:9      | Noticed a sixfirhy
  6632 | D:9      | Reached skill level 5 in Invocations
  6641 | D:9      | HP: 4/88 [sixfirhy (9)]
  6647 | D:9      | Slain by a sixfirhy

Illustrated notes

Levels and vault maps discovered:
D:1:      dpeg_arrival_simpleton_c, layout_rooms, minmay_misc_feat_encased,
          hangedman_decor_points, minmay_vboxes
D:2:      layout_rooms, ebering_ecumenical_altar_hall
D:3:      layout_basic
D:4:      layout_basic, fedhas_altar_4, grunt_ministairs_10
D:5:      layout_basic, grunt_dithmenos_smoke_and_mirrors,
          hangedman_abyss_or_decor_passed
D:6:      layout_gridville, nicolae_qazlal_eye_of_the_storm,
          minmay_temple_entry_statues_pillars, kennysheep_generic_room_14
D:7:      layout_basic
D:8:      layout_cave_pods, hangedman_ru_absence, mainiacjoe_overflow_catwalk,
          serial_shops, nicolae_shop_just_a_little_nook
D:9:      layout_roguey, kennysheep_slug_shrine, serial_demonic,
          serial_demonic_b, serial_demonic_g, serial_demonic_b,
          serial_demonic_c, kennysheep_just_a_vault
Temple:   hellmonk_temple_forest_ring

Skill      XL: |  1  2  3  4  5  6  7  8  9 10 |
---------------+-------------------------------+-----
Axes           | 3 4 5 6 7 9 11 | 11.4
Fighting       | 4 5 6 7 8 |  8.0
Armour         | 4 5 6 7 |  7.3
Shields        | 4 5 6 7 |  7.2
Invocations    | 2 4 5 |  5.0

Action                     |  1- 3 |  4- 6 |  7- 9 | 10-12 || total
---------------------------+-------+-------+-------+-------++-------
  Melee: War axe           |   103 |   184 |   259 |    22 ||   568
 Invoke: Convert to Beogh  |       |       |     1 |       ||     1
  Evoke: Wand              |       |       |       |     1 ||     1
    Use: Scroll            |       |       |    18 |       ||    18
         Potion            |       |       |     3 |     2 ||     5
 Armour: Scale mail        |    50 |    15 |       |       ||    65
         Plate armour      |       |   123 |   198 |    46 ||   367
  Dodge: Dodged            |    53 |    56 |    87 |    18 ||   214
  Block: Buckler           |    23 |    38 |    62 |    17 ||   140

Table legend: (Time is in decaauts)
 A = Elapsed time spent in this place.
 B = Non-inter-level travel time spent in this place.
 C = Inter-level travel time spent in this place.
 D = Time resting spent in this place.
 E = Time spent auto-exploring this place.
 F = Levels seen in this place.
 G = Mean time per level.
                   A        B        C        D        E       F      G
               +--------+--------+--------+--------+--------+-----+--------+
         Total |   6727 |   6493 |    234 |    670 |   4479 |  10 |  672.7 |
       Dungeon |   6566 |   6345 |    221 |    670 |   4341 |   9 |  729.6 |
        Temple |    161 |    148 |     13 |      0 |    138 |   1 |  161.0 |
               +--------+--------+--------+--------+--------+-----+--------+

Top non-repeatable levels by time:
     D:8: 922 daAuts
     D:6: 865 daAuts
     D:3: 850 daAuts
     D:9: 840 daAuts
     D:4: 829 daAuts
     D:7: 667 daAuts
     D:1: 613 daAuts
     D:5: 552 daAuts
     D:2: 423 daAuts
  Temple: 161 daAuts
